Map: Romanticide LE

Players

MCanning

  • Race: Protoss Protoss

Nina - Winner!

  • Race: Protoss Protoss

Event: DreamHack SC2 Masters 2021 Winter

VOD

Have the link to the VOD?

Description

Time

  • Played on: Oct. 5, 2021, 5:10 p.m.
  • Length: 14:07

All games in this series

Show
View Real Time Build Order
Export as new Build Order

MCanning Protoss 

Build Orders: Chargelot Immortal 

Get SALT Encoding   

  12  0:00  Probe  
  13  0:12  Probe  
  14  0:17  Pylon  
  14  0:24  Probe  
  15  0:36  Probe (Chrono Boost)  
  15  0:37  Gateway  
  16  0:47  Assimilator, Probe (Chrono Boost)  
  17  0:51  Probe (Chrono Boost)  
  17  0:55  Assimilator  
  18  1:03  Probe (Chrono Boost)  
  19  1:10  Gateway  
  19  1:13  Probe (Chrono Boost)  
  20  1:19  Probe  
  21  1:26  Cybernetics Core  
  21  1:31  Probe  
  22  1:36  Pylon  
  22  1:45  Probe  
  22  1:57  Probe  
  23  2:01  Warp Gate (Chrono Boost)  
  23  2:03  Stalker, Sentry  
  27  2:09  Probe  
  27  2:10  Pylon  
  28  2:33  Nexus  
  30  2:37  Sentry  
  30  2:44  Stalker  
  32  2:51  Shield Battery  
  32  2:53  Probe  
  33  3:05  Probe  
  33  3:11  Pylon  
  34  3:17  Probe  
  35  3:27  Robotics Facility  
  35  3:30  Probe  
  36  3:42  Probe, Sentry  
  36  3:43  Stalker  
  41  3:49  Shield Battery  
  41  3:51  Probe (Chrono Boost)  
  43  3:55  Shield Battery  
  43  3:58  Probe (Chrono Boost)  
  44  4:03  Probe (Chrono Boost)  
  44  4:08  Probe (Chrono Boost)  
  46  4:10  Sentry  
  46  4:11  Probe (Chrono Boost)  
  46  4:16  Observer (Chrono Boost), Probe (Chrono Boost)  
  50  4:19  Probe (Chrono Boost)  
  50  4:22  Shield Battery  
  50  4:23  Stalker, Probe  
  51  4:29  Probe  
  49  4:35  Probe  
  49  4:38  Warp Prism (Chrono Boost)  
  51  4:45  Stalker  
  51  4:47  Stalker  
  51  4:49  Probe  
  51  4:52  Probe  
  57  4:57  Forge  
  57  5:01  Probe  
  57  5:03  Pylon  
  57  5:04  Probe  
  59  5:09  Immortal  
  59  5:12  Sentry  
  61  5:15  Probe  
  61  5:18  Protoss Ground Weapons Level 1 (Chrono Boost)  
  62  5:27  Nexus, Probe  
  63  5:29  Pylon  
  63  5:32  Assimilator  
  63  5:37  Twilight Council  
  63  5:40  Observer  
  63  5:41  Probe x2  
  66  5:51  Stalker  
  66  5:53  Probe x2  
  70  6:01  Gateway  
  70  6:03  Gateway  
  70  6:05  Probe x2  
  70  6:08  Charge (Chrono Boost)  
  70  6:10  Immortal (Chrono Boost)  
  72  6:12  Immortal (Chrono Boost)  
  72  6:18  Probe  
  77  6:21  Probe  
  77  6:25  Gateway  
  78  6:30  Gateway  
  78  6:38  Dark Shrine  
  78  6:39  Probe  
  79  6:40  Pylon  
  79  6:44  Shield Battery  
  79  6:50  Zealot x2  
  79  6:51  Probe  
  84  6:58  Immortal  
  80  7:04  Zealot x2  
  78  7:10  Probe  
  78  7:11  Probe  
  78  7:13  Protoss Ground Weapons Level 2 (Chrono Boost)  
  78  7:15  Probe  
  81  7:16  Zealot x2  
  81  7:18  Templar Archives  
  81  7:22  Shield Battery  
  85  7:25  Probe  
  85  7:27  Probe x2  
  86  7:33  Zealot  
  88  7:37  Probe  
  88  7:39  Assimilator, Probe x2  
  88  7:41  Zealot x2  
  93  7:49  Gateway, Probe  
  93  7:50  Gateway  
  94  7:52  Dark Templar  
  94  7:58  Assimilator, Dark Templar  
  98  8:08  Photon Cannon  
  98  8:09  Photon Cannon  
  98  8:13  Pylon  
  98  8:18  Sentry  
  100  8:20  Probe  
  100  8:26  Nexus  
  101  8:28  Photon Cannon, Pylon  
  101  8:31  Shield Battery  
  101  8:33  Probe  
  102  8:40  Gateway  
  98  8:42  Probe  
  98  8:43  Probe  
  98  8:48  Robotics Bay  
  98  8:50  Probe  
  98  8:52  High Templar x2  
  98  8:53  Robotics Facility  
  98  8:54  Probe  
  104  8:56  Pylon  
  104  8:58  Observer (Chrono Boost)  
  104  9:01  Archon  
  105  9:02  Shield Battery  
  105  9:05  Photon Cannon  
  105  9:06  Probe  
  105  9:07  Photon Cannon, Zealot  
  105  9:08  Zealot  
  108  9:21  Pylon  
  108  9:22  Zealot  
  108  9:24  Protoss Ground Weapons Level 3 (Chrono Boost)  
  110  9:30  Zealot x4  
  110  9:31  Zealot  
  120  9:33  Blink (Chrono Boost)  
  120  9:38  Disruptor (Chrono Boost)  
  126  9:48  Probe  
  126  9:51  Shadow Stride  
  127  9:53  Probe, Disruptor (Chrono Boost)  
  127  9:54  Assimilator  
  127  9:57  Photon Cannon, Shield Battery  
  128  10:03  Zealot x2  
  128  10:04  Zealot  
  128  10:06  Disruptor (Chrono Boost)  
  135  10:13  Dark Templar  
  137  10:24  Disruptor (Chrono Boost)  
  140  10:29  Probe x2  
  140  10:31  Nexus  
  140  10:32  Stalker x3  
  140  10:34  Pylon  
  148  10:41  Pylon  
  148  10:43  Pylon  
  146  10:51  Disruptor (Chrono Boost)  
  146  10:54  Photon Cannon, Gateway  
  146  10:56  Photon Cannon  
  149  10:57  Dark Templar, Pylon x2, Shield Battery  
  149  10:59  Dark Templar  
  149  11:02  Disruptor (Chrono Boost)  
  156  11:11  Photon Cannon  
  156  11:12  Photon Cannon  
  156  11:15  Probe, Shield Battery  
  156  11:16  Pylon  
  157  11:22  Dark Templar x2  
  161  11:27  Dark Templar  
  161  11:28  Zealot x2  
  161  11:29  Zealot  
  169  11:37  Disruptor  
  170  11:46  Zealot x3  
  174  11:51  Disruptor  
  174  11:52  Zealot x4  
  159  12:09  Zealot x6  
  159  12:13  Disruptor  
  166  12:17  Zealot  
  166  12:18  Zealot x3  
  164  12:26  Disruptor  
  150  12:36  Zealot x2  
  150  12:37  Zealot x4  
  124  12:48  Disruptor  
  111  13:02  Stalker x5, Disruptor  
  111  13:03  Stalker  
  87  13:24  Zealot x4  
  87  13:25  Disruptor (Chrono Boost)  
  93  13:40  Stalker x6  
  89  13:51  Zealot x2  
  89  13:52  Zealot  
Show
View Real Time Build Order
Export as new Build Order

Nina Protoss - Winner!

Build Orders:  

Get SALT Encoding   

  12  0:00  Probe  
  13  0:12  Probe  
  14  0:17  Pylon  
  14  0:24  Probe (Chrono Boost)  
  15  0:36  Probe (Chrono Boost)  
  15  0:37  Gateway  
  16  0:45  Probe (Chrono Boost)  
  16  0:47  Assimilator  
  17  0:51  Probe  
  17  0:54  Assimilator  
  18  1:03  Probe (Chrono Boost)  
  19  1:08  Gateway  
  19  1:13  Probe (Chrono Boost)  
  19  1:18  Probe (Chrono Boost)  
  20  1:24  Cybernetics Core  
  21  1:30  Probe  
  22  1:39  Pylon  
  22  1:42  Probe  
  23  1:57  Probe  
  23  2:01  Stalker x2  
  26  2:06  Warp Gate  
  28  2:09  Probe  
  29  2:18  Pylon  
  29  2:22  Probe  
  30  2:35  Stalker x2  
  34  2:38  Probe  
  36  2:52  Nexus  
  36  2:54  Probe  
  36  3:01  Pylon  
  36  3:09  Stalker  
  38  3:18  Stalker  
  38  3:19  Probe (Chrono Boost)  
  41  3:22  Pylon  
  41  3:31  Probe (Chrono Boost)  
  42  3:37  Probe (Chrono Boost)  
  43  3:46  Probe  
  44  3:55  Adept  
  44  3:58  Adept  
  44  3:59  Probe (Chrono Boost)  
  49  4:04  Twilight Council  
  49  4:07  Probe (Chrono Boost)  
  48  4:12  Forge  
  48  4:13  Probe (Chrono Boost)  
  50  4:17  Probe (Chrono Boost)  
  50  4:20  Probe (Chrono Boost)  
  47  4:34  Blink (Chrono Boost)  
  47  4:36  Probe x2 (Chrono Boost)  
  47  4:38  Stalker x2  
  49  4:42  Shield Battery  
  51  4:46  Probe (Chrono Boost)  
  51  4:48  Probe (Chrono Boost)  
  51  4:49  Photon Cannon  
  51  4:51  Probe (Chrono Boost)  
  51  4:52  Protoss Ground Weapons Level 1  
  51  4:56  Assimilator  
  51  4:57  Probe  
  53  5:02  Stalker x2  
  53  5:04  Probe  
  58  5:11  Pylon  
  58  5:12  Probe  
  59  5:17  Probe  
  60  5:26  Nexus  
  60  5:29  Stalker  
  60  5:32  Stalker  
  60  5:34  Probe  
  65  5:35  Probe  
  65  5:40  Robotics Facility  
  66  5:49  Probe  
  67  5:50  Gateway  
  67  5:53  Probe  
  67  5:54  Pylon  
  67  5:55  Stalker  
  70  6:00  Gateway  
  70  6:05  Pylon x2  
  70  6:13  Pylon  
  70  6:17  Gateway  
  70  6:23  Stalker x2  
  74  6:29  Observer  
  74  6:32  Probe  
  76  6:33  Nexus, Probe  
  76  6:36  Pylon  
  76  6:39  Assimilator  
  77  6:43  Robotics Bay  
  77  6:44  Probe  
  77  6:45  Stalker, Probe  
  81  6:47  Stalker  
  81  6:51  Stalker  
  85  7:07  Probe  
  85  7:08  Probe  
  87  7:13  Robotics Facility, Shield Battery  
  87  7:15  Photon Cannon  
  87  7:20  Probe x2  
  89  7:23  Pylon  
  89  7:24  Protoss Ground Weapons Level 2 (Chrono Boost)  
  89  7:32  Photon Cannon, Observer, Probe x2  
  92  7:37  Pylon  
  92  7:44  Probe x2  
  91  7:45  Probe  
  91  7:46  Stalker x2  
  97  7:51  Pylon  
  97  7:54  Disruptor (Chrono Boost)  
  97  7:56  Probe x2  
  97  7:57  Probe  
  103  8:04  Photon Cannon  
  103  8:05  Disruptor (Chrono Boost)  
  106  8:08  Gateway  
  106  8:10  Pylon  
  106  8:12  Assimilator  
  106  8:16  Assimilator  
  106  8:20  Disruptor (Chrono Boost)  
  112  8:27  Pylon  
  112  8:30  Disruptor (Chrono Boost)  
  112  8:31  Pylon  
  112  8:36  Pylon  
  112  8:46  Observer  
  112  8:47  Photon Cannon, Nexus  
  113  8:50  Pylon  
  113  8:52  Charge  
  113  8:58  Gateway x2  
  113  9:01  Disruptor (Chrono Boost)  
  116  9:05  Probe  
  117  9:11  Photon Cannon  
  117  9:12  Disruptor (Chrono Boost)  
  117  9:13  Photon Cannon  
  117  9:14  Probe  
  117  9:15  Probe  
  122  9:18  Photon Cannon  
  122  9:21  Photon Cannon  
  122  9:25  Dark Shrine  
  122  9:26  Probe  
  122  9:28  Probe  
  124  9:32  Probe  
  124  9:38  Photon Cannon, Probe  
  126  9:40  Probe  
  126  9:42  Observer  
  127  9:46  Gateway  
  127  9:48  Probe  
  127  9:49  Gateway, Protoss Ground Weapons Level 3 (Chrono Boost)  
  128  9:54  Probe  
  128  9:55  Pylon  
  128  9:59  Templar Archives  
  129  10:00  Probe  
  129  10:05  Observer  
  129  10:06  Observer, Gravitic Boosters  
  132  10:12  Probe  
  132  10:13  Probe  
  134  10:14  Assimilator  
  134  10:15  Assimilator  
  134  10:16  Observer, Pylon  
  134  10:17  Stalker x3  
  139  10:22  Shield Battery  
  139  10:24  Photon Cannon  
  139  10:26  Observer (Chrono Boost)  
  140  10:30  Observer  
  140  10:31  Stalker  
  140  10:32  Stalker x3, Observer  
  148  10:36  Shadow Stride (Chrono Boost)  
  148  10:37  Warp Prism (Chrono Boost), Pylon  
  148  10:40  Observer  
  149  10:54  Disruptor (Chrono Boost)  
  152  11:06  Photon Cannon  
  152  11:09  Nexus  
  152  11:10  Photon Cannon x2  
  152  11:13  Pylon  
  152  11:16  Photon Cannon  
  152  11:20  Dark Templar x4  
  152  11:22  Zealot x3  
  152  11:24  Disruptor (Chrono Boost)  
  166  11:26  Disruptor (Chrono Boost)  
  165  11:42  Zealot x6  
  173  11:49  Gateway  
  173  11:52  Disruptor  
  170  11:59  Zealot  
  159  12:08  Zealot x5  
  155  12:09  Zealot x4  
  155  12:11  Disruptor  
  149  12:31  Zealot x7  
  160  12:42  Zealot  
  137  12:54  Stalker x3  
  137  12:55  Disruptor x2  
  115  13:06  Dark Templar x2  
  119  13:13  Dark Templar  
  119  13:16  Probe  
  115  13:27  Probe  
  113  13:29  Probe  
  113  13:30  Disruptor  
  111  13:52  Probe  
  111  13:53  Probe x2  

Tags
 
Add a new tag
Caveats
  • Supply blocks, unpowered buildings, or Contaminate may cause inaccurate times.
  • Supply counts are checked every 10 seconds.